 Dungeon Crawl Stone Soup version 0.27-a0-1434-g6f15984924 (webtiles) character file.

Game seed: 10195308694197520284

570 dickylongcocking the Skirmisher (level 7, 0/54 HPs)
             Began as a Djinni Venom Mage on July 3, 2021.
             Slain by an ogre (27 damage)
             ... on level 5 of the Dungeon.
             The game lasted 00:04:28 (6125 turns).

dickylongcocking the Skirmisher (Djinni Venom Mage) Turns: 6125, Time: 00:04:28

Health: 0/54       AC:  6    Str:  7    XL:     7   Next: 60%
Gold:   119        EV: 12    Int: 19    God:
                   SH:  0    Dex: 13

rFire    + + +     SeeInvis .   m - +0 dire flail (vorpal)
rCold    x . .     Faith    .   (shield currently unavailable)
rNeg     . . .     Spirit   .   a - +0 robe
rPois    ∞         Reflect  .   b - +2 helmet
rElec    .         Harm     .   r - +0 cloak
rCorr    .         Rampage  .   (no gloves)
Will     .....                  (boots unavailable)
Stlth    ++........             (no amulet)
HPRegen  0.18/turn              n - ring of wizardry
MPRegen  0.00/turn              j - ring of protection from fire

@: radiating poison, flying
A: sickness immunity, fire resistance 2, cold vulnerability 1, float, innate
caster, hp casting, extra vitality 1
a: no special abilities


You were on level 5 of the Dungeon.
You visited 1 branch of the dungeon, and saw 5 of its levels.

You collected 119 gold pieces.

Inventory:

Hand Weapons
 c - a +0 dagger
 k - a +0 broad axe
 m - a +0 vorpal dire flail (weapon)
Armour
 a - a +0 robe (worn)
 b - a +2 helmet (worn)
 r - a +0 cloak (worn)
Jewellery
 j - a ring of protection from fire (right hand)
 n - a ring of wizardry (left hand)
 q - a ring of positive energy
 t - a ring of protection from fire
Wands
 s - a wand of paralysis (12)
Scrolls
 d - 2 scrolls of teleportation {unknown}
 f - a scroll of amnesia {unknown}
 g - 3 scrolls of brand weapon {unknown}
 h - a scroll of acquirement {unknown}
 i - a scroll of noise {unknown}
 o - a scroll of enchant weapon {unknown}
 p - a scroll of blinking {unknown}
 v - a scroll of identify {unknown}
Potions
 e - 2 potions of brilliance {unknown}
 l - a potion of haste {unknown}
 u - a potion of curing {unknown}


   Skills:
 * Level 5.2 Fighting
 - Level 2.1 Dodging
 - Level 1.5 Stealth
 * Level 4.7 Spellcasting


You couldn't memorise any spells.
You knew the following spells:

 Your Spells              Type           Power      Damage    Failure   Level
a - Sting                 Tmut/Pois      88%        1d7       1%          1
b - Slow                  Hex            22%        N/A       1%          2
c - Corpse Rot            Necr/Air       N/A        N/A       1%          2
d - Olgreb's Toxic Radia  Pois           22%        N/A       8%          4
e - Pain                  Necr           88%        1d8       1%          1
p - Poisonous Vapours     Pois/Air       44%        N/A       1%          2
x - Mephitic Cloud        Conj/Pois/Air  22%        N/A       2%          3
Your spell library was empty.

Dungeon Overview and Level Annotations

Branches:
Dungeon (5/15)
 Temple: D:4-7

Altars:
Cheibriados
The Shining One


Innate Abilities, Weirdness & Mutations

You are immune to sickness and miasma.
You are immune to poison.
Your flesh is very heat resistant. (rF++)
You are vulnerable to cold. (rC-)
You float through the air rather than walking.
You learn spells naturally, not from books.
Your magical power is your life essence.
You have superior vitality. (+4 HP)


Message History

No target in view!
Done exploring.
No target in view!
Done exploring.
(D) Dungeon
Where to? (Enter - D:4, ? - help)
There is a stone staircase leading down here.
You fly downwards.
A scorpion comes into view.
There is a stone staircase leading up here.
A scorpion is nearby!
A scorpion is nearby!
A scorpion is nearby!
A scorpion is nearby!
An ogre comes into view. It is wielding a +0 giant club.
Found 16 gold pieces.
The helpless scorpion fails to defend itself.
You hit the scorpion.
The scorpion is moderately wounded.
The scorpion stings you but does no damage.
The scorpion stings you. The scorpion closely misses you.
You closely miss the scorpion.
The scorpion is moderately wounded.
The scorpion barely misses you. The scorpion stings you. The ogre misses you.
The scorpion closely misses you.
You closely miss the scorpion.
The scorpion is moderately wounded.
The scorpion stings you. The ogre hits you with a +0 giant club!
Unknown command.
The scorpion stings you but does no damage. x2
The scorpion stings you but does no damage.
Casting: Sting (safe; 1% risk of failure)
Confirm with . or Enter, or press ? or * to list all spells.
You begin to radiate toxic energy.
The ogre is poisoned.
The scorpion is poisoned.
The ogre looks even sicker.
The scorpion looks even sicker.
The scorpion closely misses you.
The ogre hits you with a +0 giant club!!
Ouch! That really hurt!
You die...

..............
#............
##............
.#.............
..........# #..
.....$...##..#
#....##....#
##..###sO###
......#@.#
.........#
....#..<.# ..
##...# ##....
..#....
.##...... ..
#..... .. .....


You could see an ogre (very poisoned) and a scorpion (very poisoned).

Vanquished Creatures
  Edmund (D:4)
  A water moccasin (D:4)
  A scorpion (D:4)
  Crazy Yiuf (D:2)
  Natasha (thrice) (D:2)
  An iguana (D:4)
  A hound skeleton (D:4)
  A hound zombie (D:4)
  2 adders
  An adder skeleton (D:4)
  2 worms
  2 dart slugs
  5 orcs
  8 endoplasms
  3 giant cockroaches
  11 goblins
  7 hobgoblins
  15 jackals
  4 quokkas
  9 ball pythons
  5 bats
  2 frilled lizards
  6 kobolds
  7 rats
99 creatures vanquished.

Notes
Turn   | Place    | Note
-------+----------+-------------------------------------------
     0 | D:1      | dickylongcocking the Djinni Venom Mage began the quest for
                  | the Orb.
     0 | D:1      | Reached XP level 1. HP: 15/15 MP: 0/0
   704 | D:1      | Reached XP level 2. HP: 13/22 MP: 0/0
   706 | D:1      | Reached skill level 1 in Fighting
  1401 | D:1      | Found a faded altar of an unknown god.
  1419 | D:1      | Reached XP level 3. HP: 25/27 MP: 0/0
  1419 | D:1      | Learned a level 1 spell: Pain
  1797 | D:2      | Reached skill level 2 in Fighting
  2389 | D:2      | Reached XP level 4. HP: 33/33 MP: 0/0
  2585 | D:2      | Noticed Natasha
  2593 | D:2      | Killed Natasha
  2624 | D:2      | Noticed Natasha
  2631 | D:2      | Killed Natasha
  2632 | D:2      | Reached XP level 5. HP: 20/40 MP: 0/0
  2632 | D:2      | Learned a level 2 spell: Slow
  2854 | D:2      | Noticed Natasha
  2862 | D:2      | Killed Natasha
  2863 | D:2      | Reached skill level 3 in Fighting
  3339 | D:2      | Found a runed translucent door.
  3340 | D:2      | Noticed Crazy Yiuf
  3437 | D:2      | Killed Crazy Yiuf
  3591 | D:3      | Found a glowing golden altar of the Shining One.
  3946 | D:3      | Reached XP level 6. HP: 39/46 MP: 0/0
  4557 | D:4      | Noticed Edmund
  4584 | D:4      | Killed Edmund
  4585 | D:4      | Reached skill level 4 in Fighting
  5265 | D:4      | Reached XP level 7. HP: 51/53 MP: 0/0
  5265 | D:4      | Learned a level 2 spell: Corpse Rot
  5445 | D:4      | Found a snail-covered altar of Cheibriados.
  5490 | D:4      | Noticed a water moccasin
  5511 | D:4      | Killed a water moccasin
  5760 | D:4      | Reached skill level 5 in Fighting
  6111 | D:5      | Entered Level 5 of the Dungeon
  6125 | D:5      | Slain by an ogre

Illustrated notes

Levels and vault maps discovered:
D:1:      saegor_arrival_simple_d, layout_basic, basic_ecumenical_altar,
          minmay_misc_feat_tiny, chequers_serial_rivers_micro_b
D:2:      layout_basic, uniq_natasha, uniq_crazy_yiuf_cottage
D:3:      layout_basic, overflow_temple_1_default
D:4:      layout_loops_corners, overflow_temple_1_default, uniq_edmund
D:5:      layout_layer_cave, minmay_temple_entry_fiery, minmay_manual_moon

Skill      XL: |  1  2  3  4  5  6  7 |
---------------+----------------------+-----
Fighting       | 1 2 3 4 5 |  5.2
Spellcasting   | 3 4 |  4.7
Dodging        | |  2.1
Stealth        | |  1.5

Action                   |  1- 3 |  4- 6 |  7- 9 || total
-------------------------+-------+-------+-------++-------
Melee: Dagger            |    21 |       |       ||    21
       Unarmed           |     2 |       |       ||     2
       Broad axe         |    35 |   167 |       ||   202
       Dire flail        |       |    22 |    65 ||    87
 Cast: Sting             |    33 |     9 |     5 ||    47
       Poisonous Vapours |     8 |    13 |       ||    21
       Mephitic Cloud    |       |     1 |       ||     1
       Olgreb's Toxic Ra |       |     3 |     1 ||     4
  Use: Potion            |       |     1 |       ||     1
 Stab: Sleeping          |     2 |     3 |     2 ||     7
       Distracted        |       |     1 |       ||     1
Armor: Robe              |    38 |    81 |    28 ||   147
Dodge: Dodged            |    59 |   180 |    58 ||   297

Table legend: (Time is in decaauts)
 A = Elapsed time spent in this place.
 B = Non-inter-level travel time spent in this place.
 C = Inter-level travel time spent in this place.
 D = Time resting spent in this place.
 E = Time spent auto-exploring this place.
 F = Levels seen in this place.
 G = Mean time per level.
                   A        B        C        D        E       F      G
               +--------+--------+--------+--------+--------+-----+--------+
         Total |   6280 |   6156 |    124 |   1088 |   4138 |   5 | 1256.0 |
       Dungeon |   6280 |   6156 |    124 |   1088 |   4138 |   5 | 1256.0 |
               +--------+--------+--------+--------+--------+-----+--------+

Top non-repeatable levels by time:
     D:1: 2062 daAuts
     D:4: 1597 daAuts
     D:2: 1579 daAuts
     D:3: 1026 daAuts
     D:5: 14 daAuts
